 Dungeon Crawl Stone Soup version 0.23.0 (webtiles) character file.

Game seed: 14264934757652632849

259 Borgoz the Ruffian (level 6, -9/52 HPs)
             Began as a Ghoul Monk on Feb 17, 2019.
             Killed from afar by an orc wizard (10 damage)
             ... with a magic dart
             ... on level 3 of the Dungeon.
             The game lasted 00:06:29 (2553 turns).

Borgoz the Ruffian (Ghoul Monk)                     Turns: 2553, Time: 00:06:30

Health: -9/52      AC:  2    Str: 15    XL:     6   Next: 17%
Magic:  5/5        EV: 13    Int:  7    God:
Gold:   127        SH:  0    Dex: 11    Spells: 5/5 levels left

rFire    . . .     SeeInvis .     - Unarmed
rCold    + . .     Gourm    .   (no shield)
rNeg     + + +     Faith    .   a - +0 robe
rPois    ∞         Spirit   .   (no helmet)
rElec    .         Reflect  .   (no cloak)
rCorr    .         Harm     .   (no gloves)
MR       .....                  (no boots)
Stlth    ++........             (no amulet)
HPRegen  0.00/turn              (no ring)
MPRegen  0.09/turn              (no ring)

@: rotting
A: rotting body, claws 1, carnivore, cold resistance 1, negative energy
resistance 3, inhibited regeneration, torment resistance, unbreathing
a: no special abilities


You were on level 3 of the Dungeon.
You were not hungry.

You visited 1 branch of the dungeon, and saw 3 of its levels.

You collected 127 gold pieces.

Inventory:

Armour
 a - a +0 robe (worn)
Scrolls
 c - a scroll of blinking {unknown}
 d - 2 scrolls of identify {unknown}
 e - a scroll of magic mapping {unknown}
 f - 3 scrolls of teleportation {unknown}
 g - 3 scrolls of remove curse {unknown}
Comestibles
 b - 8 rations


   Skills:
 + Level 4.0 Fighting
 + Level 1.8 Armour
 * Level 3.8 Dodging
 + Level 3.4 Stealth
 * Level 4.8 Unarmed Combat


You had 5 spell levels left.
You didn't know any spells.
Your spell library was empty.

Dungeon Overview and Level Annotations

Branches:
Dungeon (3/15)

Altars:
Hepliaklqana
Xom

Annotations:
D:3 Purgy


Innate Abilities, Weirdness & Mutations

Your body is rotting away.
You thrive on raw meat.
You are immune to poison.
You have sharp fingernails.
You are carnivorous and can eat meat at any time.
Your flesh is cold resistant. (rC+)
You are immune to negative energy. (rN+++)
You do not regenerate when monsters are visible.
You are immune to unholy pain and torment.
You can survive without breathing.


Message History

The orc wizard hits you but does no damage.
You miss the orc wizard.
The orc wizard is heavily wounded.
The orc wizard gestures wildly while chanting.
The orc wizard blinks!
The orc wizard casts a spell at you. The puff of flame hits you!
Okay, then.
The orc wizard closely misses you.
The orc wizard gestures at you while chanting.
The puff of flame misses you.
The orc wizard gestures at you while chanting.
The magic dart hits you!
* * * LOW HITPOINT WARNING * * *
The orc wizard gestures at you while chanting.
The magic dart hits you.
* * * LOW HITPOINT WARNING * * *
The orc wizard points at you and mumbles some strange words.
The magic dart hits you!
You die...

.....# #......†.>......###
.....####### #..................
...........# #...#.8.....8......
...........####...#.........#....
..†........+.....................
..........o####...........###....
.....÷.....lTo..##........###....
...############..#...............
...# ######@#............... ...#
####......#............###
.#######.......................#
.##...............####.#.......#
#.........#####..# #.#.......#
#.....###### ##.# #.#.......#
.##.....##...#####.###.#########
...................)....#########
.##.....##...######.##..##.......


You could see an orc wizard.

Vanquished Creatures
  4 orc wizards (D:3)
  5 adders
  4 gnolls (D:3)
  A worm (D:2)
  A dart slug (D:3)
  3 leopard geckos
  4 orcs (D:3)
  4 giant cockroaches
  4 goblins
  4 hobgoblins
  7 kobolds
  3 quokkas
  9 bats
  4 frilled lizards
  3 rats
60 creatures vanquished.

Notes
Turn   | Place    | Note
-------+----------+-------------------------------------------
     0 | D:1      | Borgoz the Ghoul Monk began the quest for the Orb.
     0 | D:1      | Reached XP level 1. HP: 19/19 MP: 0/0
   373 | D:1      | Reached XP level 2. HP: 26/26 MP: 1/1
   937 | D:2      | Reached XP level 3. HP: 15/31 MP: 2/2
  1456 | D:3      | Found a shimmering altar of Xom.
  1457 | D:3      | Found a hazy altar of Hepliaklqana.
  1457 | D:3      | Noticed a death ooze
  1458 | D:3      | Noticed a spectral ugly thing
  1458 | D:3      | Noticed a death ooze
  1486 | D:3      | Reached skill level 1 in Armour
  1513 | D:3      | Reached XP level 4. HP: 22/40 MP: 3/3
  1625 | D:3      | Reached XP level 5. HP: 44/46 MP: 4/4
  1806 | D:3      | HP: 2/46 [orc wizard/puff of frost (4)]
  2288 | D:3      | Reached XP level 6. HP: 42/52 MP: 5/5
  2525 | D:3      | Noticed Purgy
  2553 | D:3      | HP: 1/52 [orc wizard/magic dart (6)]
  2553 | D:3      | Killed from afar by an orc wizard

Skill      XL: |  1  2  3  4  5 |
---------------+----------------+-----
Dodging        | 3 |  3.8
Armour         | 1 |  1.8
Unarmed Combat | 4 |  4.8
Stealth        | 3 |  3.4
Fighting       | 4 |  4.0

Action                   |  1- 3 |  4- 6 || total
-------------------------+-------+-------++-------
Melee: Unarmed           |   110 |   143 ||   253
       Punch             |     4 |     1 ||     5
  Use: Potion            |       |     3 ||     3
 Stab: Sleeping          |     5 |       ||     5
  Eat: Chunk             |    12 |    22 ||    34
Armor: Robe              |    19 |    19 ||    38
Dodge: Dodged            |    67 |   107 ||   174
